 Dungeon Crawl Stone Soup version 0.24-a0-249-g2af7e837d0 (webtiles) character file.

Game seed: 7913946382018717455

345 Redear the Ducker (level 6, -2/44 HPs)
             Began as an Octopode Fighter on Apr 13, 2019.
             Slain by a gnoll (7 damage)
             ... on level 4 of the Dungeon.
             The game lasted 00:10:42 (2977 turns).

Redear the Ducker (Octopode Fighter)                Turns: 2977, Time: 00:10:42

Health: -2/44      AC:  1    Str: 15    XL:     6   Next: 58%
Magic:  6/6        EV: 15    Int: 11    God:
Gold:   211        SH:  0    Dex: 13    Spells: 5/5 levels left

rFire    . . .     SeeInvis .   a - +0 long sword
rCold    . . .     Gourm    .   (no shield)
rNeg     . . .     Faith    .   (helmet restricted)
rPois    .         Spirit   .   (no amulet)
rElec    .         Reflect  .   (no ring)
rCorr    .         Harm     .   (no ring)
MR       .....                  (no ring)
Stlth    +++.......             (no ring)
HPRegen  0.14/turn              (no ring)
MPRegen  0.10/turn              (no ring)
                                (no ring)
                                (no ring)

@: flying
A: almost no armour, stealthy swim, amphibious, 8 rings, constrict 8, camouflage
1, gelatinous body 1
a: no special abilities


You were on level 4 of the Dungeon.
You were not hungry.

You visited 1 branch of the dungeon, and saw 4 of its levels.
You also visited: Sewer.

You collected 211 gold pieces.

Inventory:

Hand Weapons
 a - a +0 long sword (weapon)
 q - a +0 dagger
 s - a +4 hunting sling
Missiles
 d - 126 stones (quivered)
 e - 57 bolts
 m - 47 arrows
 t - 4 tomahawks of returning
 u - 8 tomahawks
Armour
 b - a +0 shield
Scrolls
 f - 5 scrolls of identify {unknown}
 i - 3 scrolls of teleportation {unknown}
 k - a scroll of enchant weapon {unknown}
 o - 2 scrolls of fear {unknown}
 v - a scroll of magic mapping {unknown}
 x - a scroll of random uselessness {unknown}
 y - a scroll of enchant armour {unknown}
Potions
 c - a potion of might {Str+5 DMG+1d10 | @q3}
 g - 2 potions of cancellation {unknown}
 h - 3 potions of curing {unknown}
 j - 2 potions of brilliance {unknown}
 l - 4 potions of flight
 n - a potion of agility {unknown}
 p - a potion of ambrosia {unknown}
 r - 2 potions of mutation {unknown}
 w - 2 potions of haste {unknown}
Comestibles
 z - 7 rations
 A - 4 chunks of flesh


   Skills:
 + Level 4.3 Fighting
 + Level 3.7 Long Blades
 + Level 4.3 Dodging
 + Level 1.3 Stealth
 + Level 4.3 Shields


You had 5 spell levels left.
You didn't know any spells.
Your spell library was empty.

Dungeon Overview and Level Annotations

Branches:
Dungeon (4/15)
 Temple: D:4-7

Altars:
Fedhas
Qazlal
Vehumet
The Shining One


Innate Abilities, Weirdness & Mutations

You cannot wear most types of armour.
You are very stealthy in the water. (Stealth+)
You are amphibious.
You can wear up to eight rings at the same time.
You can use your tentacles to constrict eight enemies at once.
Your skin changes colour to match your surroundings (Stealth+).
Your rubbery body absorbs attacks. (AC +1, EV +1)


Message History

You constrict the gnoll. The gnoll barely misses you.
The gnoll closely misses you. The gnoll hits you with a +0 spear!
You take 9 damage, and have 16/44 hp.
MASSIVE DAMAGE!!
You release your grip on the gnoll.
The gnoll closely misses you.
You closely miss the gnoll. You grab the gnoll. You constrict the gnoll.
The gnoll hits you.
The gnoll hits you from afar with a +0 spear!
* * * LOW HITPOINT WARNING * * *
You take 15 damage, and have 2/44 hp.
MASSIVE DAMAGE!!
You release your grip on the gnoll.
You see here a hound skeleton.
That item cannot be evoked!
Okay, then.
There is an escape hatch in the floor here.
It was a potion of flight.
You feel very buoyant.
You fly up into the air.
l - 4 potions of flight;
g - 2 purple potions The gnoll hits you!
You die...

#### #..# #..###
############## #....#
#............# #.##.#
#.###........# #[.#.#
#.#.......<..# ##.<.#########
#.[§.≈.......####...÷.........
#..#_≈.......@ggg.)...........
#.^≈.≈^......#######..#####...
#............# ##.# #...
#............# #.# #...
##)....####### #...# #...
#.P.PP# #.....#<.. #PP_P.#
..........


#.PPPP# $......... ##.PP## ....o.r... You could see 3 gnolls.

Vanquished Creatures
  Purgy (Sewer)
  A crimson imp (D:4)
  2 hounds (D:4)
  A worker ant (D:4)
  3 adders
  An ooze (D:2)
  An adder skeleton (D:4)
  2 worms
  A dart slug (D:2)
  3 leopard geckos
  4 orcs
  8 giant cockroaches
  5 goblins
  11 hobgoblins
  3 jackals (D:1)
  4 quokkas
  5 ball pythons
  11 bats
  6 frilled lizards
  8 kobolds
  9 rats
90 creatures vanquished.

Notes
Turn   | Place    | Note
-------+----------+-------------------------------------------
     0 | D:1      | Redear the Octopode Fighter began the quest for the Orb.
     0 | D:1      | Reached XP level 1. HP: 16/16 MP: 1/1
   183 | D:1      | Reached XP level 2. HP: 21/21 MP: 2/2
   799 | D:1      | Reached XP level 3. HP: 26/26 MP: 3/3
   863 | D:1      | Found a glowing golden altar of the Shining One.
  1183 | D:2      | Reached XP level 4. HP: 29/31 MP: 4/4
  1642 | D:3      | Found a radiant altar of Vehumet.
  1656 | D:3      | HP: 1/33 [goblin (3)]
  1999 | D:3      | Found a glowing drain.
  2007 | Sewer    | Entered a sewer
  2015 | Sewer    | Reached skill level 3 in Long Blades
  2118 | Sewer    | Noticed Purgy
  2127 | Sewer    | Reached XP level 5. HP: 24/37 MP: 5/5
  2235 | Sewer    | Killed Purgy
  2235 | Sewer    | Reached skill level 4 in Fighting
  2235 | Sewer    | Reached skill level 4 in Dodging
  2235 | Sewer    | Reached skill level 4 in Shields
  2679 | D:4      | Found a stormy altar of Qazlal.
  2692 | D:4      | Found a blossoming altar of Fedhas.
  2751 | D:4      | Reached XP level 6. HP: 34/43 MP: 6/6
  2905 | D:4      | Reached skill level 1 in Stealth
  2956 | D:4      | HP: 2/44 [gnoll/+0 spear (12)]
  2977 | D:4      | Slain by a gnoll

Levels and vault maps discovered:
D:1:      sevenhm_arrival_forest_fort_small_3, layout_loops_ring, tso_altar
D:2:      layout_basic
D:3:      wander_river, layout_loops_ring, old_standard_altar,
          portal_sewer_entry_a
D:4:      layout_rooms, grunt_temple_overflow_forces_of_nature, first_ration,
          tgw_fedhas
Sewer:    sewer_co_purgy_island

Skill      XL: |  1  2  3  4  5  6 |
---------------+-------------------+-----
Long Blades    | 3 |  3.7
Fighting       | 4 |  4.3
Dodging        | 4 |  4.3
Shields        | 4 |  4.3
Stealth        | 1 |  1.3

Action                   |  1- 3 |  4- 6 || total
-------------------------+-------+-------++-------
Melee: Long sword        |    59 |   104 ||   163
       Constrict         |    20 |    31 ||    51
       Tentacles         |    12 |    26 ||    38
       Dagger            |       |     3 ||     3
 Fire: Hunting sling     |       |     9 ||     9
  Use: Potion            |       |     1 ||     1
 Stab: Sleeping          |     7 |     3 ||    10
  Eat: Chunk             |       |     7 ||     7
Armor: Skin              |     4 |     8 ||    12
Dodge: Dodged            |    35 |    82 ||   117
Block: Shield            |     2 |       ||     2
       Rpst.: Long sword |    12 |    26 ||    38

Table legend:
 A = Non-vault XP
 B = Vault XP
 C = Vault XP percentage of total XP
 D = Non-vault monster count
 E = Vault monster count
 F = Vault count percentage of total count
                 A         B        C        D         E       F
            +---------+---------+-------+---------+---------+-------
      Total |     353 |     140 |  28.4 |      81 |       9 |  10.0
            +---------+---------+-------+---------+---------+-------
        D:1 |      40 |       0 |   0.0 |      25 |       0 |   0.0
        D:2 |      63 |       0 |   0.0 |      25 |       0 |   0.0
        D:3 |      58 |       2 |   3.3 |      23 |       1 |   4.2
        D:4 |     192 |       0 |   0.0 |       8 |       0 |   0.0
      Sewer |       0 |     138 | 100.0 |       0 |       8 | 100.0
            +---------+---------+-------+---------+---------+-------
